[Event "*** Titled Tuesday Blitz"]
[Site "Chess.com"]
[Date "2021.03.30"]
[Round "4"]
[White "Bacyanide"]
[Black "GMRafpig"]
[Result "1/2-1/2"]
[WhiteElo "2418"]
[BlackElo "2594"]
[TimeControl "180+1"]
[EndTime "10:38:32 PDT"]
[Termination "Game drawn by repetition"]

1. d4 Nf6 2. Nf3 e6 3. Bf4 c5 4. e3 Nc6 5. Nc3 cxd4 6. exd4 Be7 7. d5 exd5 8. Nxd5 Qa5+ 9. Nc3 d5 10. Qd2 O-O 11.
Bd3 d4 12. Ne4 Nxe4 13. Qxa5 Nxa5 14. Bxe4 Bb4+ 15. Bd2 Re8 16. Bxb4 Rxe4+ 17. Kd2 Nc6 18. Ba3 Bg4 19. Ng1 Bf5 20. Ne2 Ree8 21. Rhe1 Rac8 22. Rac1 Ne5 23. b3 d3 24. Ng3 Bg6 25. cxd3 Rcd8 26. Re3 Bxd3 27. Rce1 Be4+ 28. Kc3 Rc8+ 29. Kd4 Nc6+ 30.
Kc3 Ne5+ 31. Kd4 Nc6+ 32. Kc3 Ne5+ 1/2-1/2

[Event "*** Titled Tuesday Blitz"]
[Site "Chess.com"]
[Date "2021.03.30"]
[Round "4"]
[White "pastouche06"]
[Black "Vusatiuk_Vladimir"]
[Result "1-0"]
[WhiteElo "2543"]
[BlackElo "2313"]
[TimeControl "180+1"]
[EndTime "10:38:32 PDT"]
[Termination "pastouche06 won by checkmate"]

1. d4 f5 2. Nc3 Nf6 3. Bg5 e6 4. e4 fxe4 5. Nxe4 Be7 6. Bxf6 Bxf6 7. Nf3 O-O 8. Bd3 b6 9. Ne5 Bb7 10. Qh5 Bxe5 11. dxe5 Rf5 12. Qg4 Rxe5 13. O-O-O Nc6 14. f4 Ra5 15. Ng5 h6 16. Bh7+ Kh8 17. Nf7+ Kxh7 18.
Nxd8 Rxd8 19. a3 Ne7 20. Rhe1 Nd5 21. f5 exf5 22. Qxf5+ Kg8 23. Qg6 Bc6 24. Rxd5 Rxd5 25. Re7 Rg5 26. Rxg7+ Kf8 27. Qf6+ Ke8 28. Qe7# 1-0

[Event "*** Titled Tuesday Blitz"]
[Site "Chess.com"]
[Date "2021.03.30"]
[Round "4"]
[White "MikeSailer"]
[Black "Julianos82"]
[Result "0-1"]
[WhiteElo "2123"]
[BlackElo "2388"]
[TimeControl "180+1"]
[EndTime "10:38:32 PDT"]
[Termination "Julianos82 won by resignation"]

1. d4 f5 2. e4 fxe4 3. Nc3 Nf6 4.
Bg5 Nc6 5. d5 Ne5 6. Qd4 d6 7.
Nxe4 Bf5 8. Bxf6 exf6 9. O-O-O Be7 10. Be2 O-O 11. g4 Bg6 12. h4 f5 13. gxf5 Bxf5 14.
h5 Qd7 15. Nc5 dxc5 16. Qxe5 Bf6 17. Qg3 Qa4 18. Qb3 Qf4+ 19. Qe3 Qa4 20. Qb3 Qf4+ 21. Qe3 Qd6 22. Nf3 Rae8 23. Qd2 Qb6 24. c3 Qa5 25. a3 Qa4 26. Bd3 Bg4 27. Ng5 Bxd1 28. Bxh7+ Kh8 29.
Rxd1 Bxg5 30. Qxg5 Kxh7 31. Qg6+ Kh8 32. h6 Qf4+ 33. Kb1 Qf5+ 34. Qxf5 Rxf5 35. hxg7+ Kxg7 0-1

[Event "*** Titled Tuesday Blitz"]
[Site "Chess.com"]
[Date "2021.03.30"]
[Round "4"]
[White "SchmakAttack"]
[Black "jaskol95"]
[Result "0-1"]
[WhiteElo "2592"]
[BlackElo "2423"]
[TimeControl "180+1"]
[EndTime "10:38:33 PDT"]
[Termination "jaskol95 won by resignation"]

1. e4 e6 2. d4 d5 3. e5 c5 4. c3 Nc6 5. Nf3 Bd7 6. Bd3 Qb6 7. dxc5 Bxc5 8. O-O Qc7 9. Re1 Nge7 10. b4 Bb6 11.
Bf4 Ng6 12. Bg3 Rc8 13. Nbd2 a5 14. a3 O-O 15. Rc1 axb4 16. axb4 Qb8 17. h4 Bc7 18. Qe2 f6 19. Bxg6 hxg6 20. Nb3 b6 21. Nbd4 Rce8 22.
Qd3 Nxe5 23. Nxe5 fxe5 24. Nb5 e4 25. Bxc7 exd3 26. Bxb8 d2 0-1

[Event "*** Titled Tuesday Blitz"]
[Site "Chess.com"]
[Date "2021.03.30"]
[Round "4"]
[White "Godzillator"]
[Black "xberli"]
[Result "0-1"]
[WhiteElo "2303"]
[BlackElo "2519"]
[TimeControl "180+1"]
[EndTime "10:38:33 PDT"]
[Termination "xberli won by checkmate"]

1. d4 Nf6 2. c4 g6 3. Nc3 Bg7 4. e4 d6 5. Be2 O-O 6. Bg5 c5 7.
d5 a6 8. a4 e6 9. Qd2 Re8 10.
Nf3 exd5 11. exd5 Nbd7 12. O-O Ne5 13. Nxe5 Rxe5 14. Bd3 Re8 15. Rae1 Bd7 16. Rxe8+ Qxe8 17. Re1 Qf8 18. b3 Re8 19. h3 Re7 20. Rxe7 Qxe7 21.
Qe2 Kf8 22. Qxe7+ Kxe7 23. Ne4 Bf5 24. f3 Bxe4 25. fxe4 h6 26. Bh4 g5 27. Bf2 Nd7 28. Kf1 Bd4 29. Be1 Ne5 30. Be2 Kf6 31.
Bd2 Kg6 32. Ke1 f5 33. exf5+ Kxf5 34. Kd1 Ke4 35. Kc2 Be3 36. Ba5 Bf4 37. Bc7 Ng6 38.
Bg4 Nh4 39. Bc8 Nxg2 40. Bxb7 h5 41. Bxa6 g4 42. hxg4 h4 43. g5 h3 44. g6 h2 45.
g7 h1=Q 46. Kb2 Qh7 47. Bc8 Qxg7+ 48. Ka3 Qa1# 0-1

[Event "*** Titled Tuesday Blitz"]
[Site "Chess.com"]
[Date "2021.03.30"]
[Round "4"]
[White "Maddie"]
[Black "dpopadic"]
[Result "0-1"]
[WhiteElo "2053"]
[BlackElo "2305"]
[TimeControl "180+1"]
[EndTime "10:38:33 PDT"]
[Termination "dpopadic won by checkmate"]

1. d4 Nf6 2. e3 g6 3. Bd3 Bg7 4. f4 d6 5. Nf3 O-O 6. O-O Nbd7 7. c3 e5 8. fxe5 dxe5 9. Bc4 Qe7 10. Nbd2 c6 11. Ng5 exd4 12. exd4 Qe3+ 13. Kh1 Qxg5 14.
Nf3 Qa5 15. b4 Qc7 16. Ng5 Nb6 17. Bb3 Bg4 18. Qd3 Rae8 19. Bf4 Qc8 20. Rf2 Nbd5 21. Bd6 Bf5 22. Qd2 h6 23. Bxf8 Rxf8 24. Nf3 Ne4 25. Qe1 Nxf2+ 26. Qxf2 Nxc3 27. Ne5 Nd5 28. Rf1 Qe6 29.
h3 Bxe5 30. dxe5 Qxe5 31. Qxa7 b5 32. Qb7 Qe6 33. g4 Be4+ 34. Kg1 Qe5 35. Kf2 Qf4+ 36. Ke1 Qe3+ 37. Kd1 Nc3# 0-1

[Event "*** Titled Tuesday Blitz"]
[Site "Chess.com"]
[Date "2021.03.30"]
[Round "4"]
[White "DanilovVladimir"]
[Black "Revnov"]
[Result "0-1"]
[WhiteElo "2488"]
[BlackElo "2673"]
[TimeControl "180+1"]
[EndTime "10:38:35 PDT"]
[Termination "Revnov won by resignation"]

1. d4 d5 2. c4 e6 3. Nc3 c6 4. e4 Bb4 5. e5 c5 6. a3 Bxc3+ 7. bxc3 Ne7 8. Nf3 Nbc6 9. Be3 Qa5 10. Qd2 Nf5 11.
cxd5 exd5 12. Bd3 O-O 13. O-O cxd4 14. Bxf5 dxe3 15. Qc2 exf2+ 16. Rxf2 Bxf5 17. Qxf5 Qxc3 18. Raf1 h6 19. e6 Qf6 20. Qxf6 gxf6 21. exf7+ Rxf7 22. Nh4 d4 23. Nf5 Kh7 24. Rf4 Rg8 25. Nxd4 Nxd4 26. Rxd4 Rc8 27. Rd6 Rc3 28. Rfxf6 Rxf6 29. Rxf6 Kg7 30.
Rd6 Rb3 31. a4 a5 32. Rd5 b6 33. Rd6 h5 34. g3 Rb4 35. Kg2 Kf7 36. h3 Ke7 37.
Kf3 Kxd6 0-1

[Event "*** Titled Tuesday Blitz"]
[Site "Chess.com"]
[Date "2021.03.30"]
[Round "4"]
[White "BrianEscalante"]
[Black "shnitez"]
[Result "0-1"]
[WhiteElo "2611"]
[BlackElo "2481"]
[TimeControl "180+1"]
[EndTime "10:38:35 PDT"]
[Termination "shnitez won by resignation"]

1. e4 c5 2. Nf3 e6 3. d4 cxd4 4.
Nxd4 a6 5. Bd3 Bc5 6. Nb3 Be7 7.
Qg4 g6 8. a4 d6 9. Qe2 Nc6 10.
a5 Ne5 11. O-O Nf6 12. c4 Nxd3 13. Qxd3 O-O 14. Bh6 Re8 15. Nc3 Ng4 16. Bf4 Ne5 17. Qe2 Qc7 18. Nd2 Bd7 19. Rfc1 Rac8 20. Nd1 Nc6 21. Nb3 Bf6 22. c5 e5 23. cxd6 Qxd6 24. Bg3 Be6 25. Qf3 Bxb3 26. Qxb3 Nd4 27. Qd3 Qb4 28.
Ne3 Rxc1+ 29. Rxc1 Qxa5 30. Nd5 Bg7 31. h4 h5 32. f4 exf4 33. Bxf4 Qb5 34. Qxb5 axb5 35.
e5 Ne2+ 0-1

[Event "*** Titled Tuesday Blitz"]
[Site "Chess.com"]
[Date "2021.03.30"]
[Round "4"]
[White "reniite"]
[Black "LawrenceTrent"]
[Result "0-1"]
[WhiteElo "2004"]
[BlackElo "2562"]
[TimeControl "180+1"]
[EndTime "10:38:35 PDT"]
[Termination "LawrenceTrent won by checkmate"]

1. e4 c5 2. Nf3 Nc6 3. d4 cxd4 4. Nxd4 Nf6 5. Nc3 e6 6. Nb3 Bb4 7. Bd3 d5 8. exd5 Nxd5 9. Bd2 Bxc3 10. bxc3 O-O 11.
O-O e5 12. a4 b6 13. a5 bxa5 14.
Bb5 Qb6 15. Bxc6 Qxc6 16. Nxa5 Qg6 17. c4 Nf6 18. Bc3 Bh3 19. Qf3 Bg4 20. Qg3 Ne4 21.
Qxe5 Rfe8 22. Qd4 Bh3 23. Qxg7+ Qxg7 24. Bxg7 Kxg7 25. gxh3 Rec8 26. Rfe1 Ng5 27. Kg2 Ne6 28. Rab1 a6 29. Rb7 Kf6 30. Reb1 Rc5 31. Ra1 Rg8+ 32.
Kf3 Nd4+ 33. Ke4 Nxc2 34. Ra2 Re8+ 35. Kf4 Rf5+ 36. Kg4 Rg8+ 37. Kh4 Rf4+ 38. Kh5 Rg5+ 39. Kh6 Rh4# 0-1

[Event "*** Titled Tuesday Blitz"]
[Site "Chess.com"]
[Date "2021.03.30"]
[Round "4"]
[White "campomania3"]
[Black "Vasily85"]
[Result "0-1"]
[WhiteElo "2220"]
[BlackElo "2416"]
[TimeControl "180+1"]
[EndTime "10:38:35 PDT"]
[Termination "Vasily85 won on time"]

1. d4 Nf6 2. c4 e6 3. Nc3 Bb4 4. f3 d5 5. a3 Be7 6. e4 dxe4 7. fxe4 e5 8. d5 a5 9. Nf3 Nbd7 10. Bd3 O-O 11. O-O Bd6 12. Kh1 Nc5 13. Bg5 h6 14. Bh4 Be7 15. Nxe5 Nxd5 16. exd5 Bxh4 17. Bc2 Bf6 18.
Qh5 a4 19. Rae1 Nd7 20. Ng4 Bxc3 21. bxc3 Qg5 22. Qxg5 hxg5 23. Re7 Nc5 24. Rxc7 Na6 25. Rxc8 Raxc8 26. Ne5 f6 0-1

[Event "*** Titled Tuesday Blitz"]
[Site "Chess.com"]
[Date "2021.03.30"]
[Round "4"]
[White "RestartingChess"]
[Black "chesslh19"]
[Result "0-1"]
[WhiteElo "2539"]
[BlackElo "2221"]
[TimeControl "180+1"]
[EndTime "10:38:35 PDT"]
[Termination "chesslh19 won by resignation"]

1. e4 e5 2. Nf3 Nf6 3. Nxe5 d6 4. Nf3 Nxe4 5. Nc3 Nxc3 6. dxc3 Be7 7. Bd3 Nc6 8. Be3 Be6 9. Qd2 Qd7 10. O-O-O Bf6 11.
Kb1 O-O-O 12. Nd4 Nxd4 13. cxd4 d5 14. Qa5 Kb8 15. Bf4 b6 16. Qa6 Qc8 17. Qa4 Bd7 18. Qa3 Bf5 19. Ba6 Qd7 20. Rhe1 Rhe8 21. Qc3 Rxe1 22.
Rxe1 Be7 23. Qxc7+ Qxc7 24. Bxc7+ Kxc7 25. Rxe7+ Rd7 26.
Re5 Be6 27. Bb5 Rd8 28. b3 Kd6 29. Kb2 f6 30. Re3 Bf7 31. c4 dxc4 32. bxc4 Rc8 33.
Kc3 Bxc4 34. Bxc4 b5 35. Kb4 Rxc4+ 36. Kxb5 Rxd4 37. a4 Rd2 38. Rf3 Kc7 39. Rg3 g6 40. Rf3 f5 41. h3 Kb7 42. g4 a6+ 43. Kc4 Ra2 44. gxf5 gxf5 45. Kb3 Ra1 46. Rxf5 Rh1 47. Rf7+ Kb6 48. Rxh7 Rf1 49. Kb4 Rxf2 50. Rh6+ Kb7 51. a5 Rf4+ 52. Kc5 Rf5+ 53. Kb4 Rf4+ 54. Kc3 Rf3+ 55.
Kd4 Rf5 56. Rh7+ Kc6 57. Rh6+ Kb7 58. Rb6+ Ka7 59. Rb1 Rxa5 60. Kc4 Rh5 61. Rb3 a5 62. Ra3 Ka6 63. Kd4 Kb5 64. Ra1 a4 65. Rb1+ Ka5 66. Kc4 a3 67. Rb8 Rxh3 68. Rb7 Rh4+ 69. Kc5 Rh5+ 70.
Kc4 Rh4+ 71. Kb3 Rh3+ 72. Ka2 Ka6 73. Rb8 Ka7 74. Rb4 Ka6 75. Rg4 Ka7 76. Rg5 Ka6 77.
Rf5 Ka7 78. Rb5 Ka6 79. Rb4 Ka7 80. Rc4 Ka6 81. Rc6+ Kb7 82. Rd6 Ka7 83. Re6 Kb7 84. Rf6 Ka7 85. Re6 Kb7 86. Rh6 Rxh6 87. Kxa3 Rb6 88.
Ka4 Kc6 89. Ka5 Rb1 90. Ka4 Kc5 91. Ka3 Kc4 92. Ka2 Rb8 0-1

[Event "*** Titled Tuesday Blitz"]
[Site "Chess.com"]
[Date "2021.03.30"]
[Round "4"]
[White "WPWPWP-2015"]
[Black "Fortitudine"]
[Result "1-0"]
[WhiteElo "2454"]
[BlackElo "2266"]
[TimeControl "180+1"]
[EndTime "10:38:37 PDT"]
[Termination "WPWPWP-2015 won on time"]

1. d4 Nf6 2. Bf4 g6 3. Nd2 d6 4.
e4 Bg7 5. Ngf3 O-O 6. Bd3 c5 7. d5 e6 8. Bg5 exd5 9. exd5 h6 10. Bh4 Re8+ 11. Kf1 g5 12. Nxg5 hxg5 13. Bxg5 Nbd7 14.
c4 Nf8 15. Qc2 Bg4 16. f3 Bh5 17. h4 Bg6 18. h5 Bxd3+ 19. Qxd3 N8h7 20. Bh4 Qd7 21.
h6 Bf8 22. Kf2 Kh8 23. Qc3 Be7 24. Rae1 Rg8 25. Ne4 Rg6 26. g4 Kg8 27. g5 Nxe4+ 28. Rxe4 Bxg5 29. Bxg5 Rxg5 30. Qe3 f6 31. Re7 Qf5 32. Re1 Rf8 33. Rxb7 Qh3 34. Qe6+ Qxe6 35. Rxe6 1-0

[Event "*** Titled Tuesday Blitz"]
[Site "Chess.com"]
[Date "2021.03.30"]
[Round "4"]
[White "Cambek64"]
[Black "svilson23"]
[Result "1-0"]
[WhiteElo "2447"]
[BlackElo "2263"]
[TimeControl "180+1"]
[EndTime "10:38:37 PDT"]
[Termination "Cambek64 won by resignation"]

1. e4 c6 2. d4 d5 3. Nc3 dxe4 4.
Nxe4 Nf6 5. Nxf6+ exf6 6. Bc4 Bd6 7. Qe2+ Be7 8. c3 O-O 9. Nf3 Re8 10. O-O Bd6 11.
Qc2 Na6 12. h3 Nc7 13. Bd2 a5 14. a4 Be6 15. Bxe6 Nxe6 16. Qb3 Qc7 17. Rfe1 Rad8 18. Re2 c5 19. Rae1 c4 20. Qb5 Re7 21. d5 Nf8 22.
Rxe7 Bxe7 23. Re4 Rc8 24. Bf4 Bd6 25. Bxd6 Qxd6 26. Rxc4 Rd8 27. Rd4 h5 28. c4 b6 29.
Re4 Ng6 30. Re8+ Kh7 31. Rxd8 Qxd8 32. Qb3 Nf4 33. Qc2+ g6 34. Qe4 Qd6 35. b3 f5 36.
Qe5 Qxe5 37. Nxe5 Ne2+ 38. Kf1 Nd4 39. Nd7 Nxb3 40. Nxb6 Nc5 41. Ke2 Kg7 42. Ke3 Kf6 43.
Kd4 Nb7 44. c5 1-0

[Event "*** Titled Tuesday Blitz"]
[Site "Chess.com"]
[Date "2021.03.30"]
[Round "4"]
[White "exoticprincess"]
[Black "olksuna"]
[Result "1-0"]
[WhiteElo "2861"]
[BlackElo "2672"]
[TimeControl "180+1"]
[EndTime "10:38:38 PDT"]
[Termination "exoticprincess won on time"]

1. d4 Nf6 2. Nc3 d5 3. Bf4 a6 4.
e3 e6 5. a3 c5 6. h3 Nc6 7. Nf3 b5 8. Bd3 Bb7 9. O-O c4 10. Be2 Be7 11. Re1 O-O 12. Ne5 Nxe5 13. Bxe5 Nd7 14. Bg3 Qb6 15. Qd2 a5 16. Bf3 b4 17. Ne2 Rfc8 18. c3 bxa3 19. bxa3 Bd6 20. Reb1 Bxg3 21. Rxb6 Bxf2+ 22. Kxf2 Nxb6 23. Rb1 Ra6 24. g4 Bc6 25. g5 Ba4 26. Nf4 Bb3 27. h4 Nd7 28. h5 Re8 29. g6 fxg6 30. hxg6 h6 31.
e4 dxe4 32. Bxe4 Rf8 33. Kg3 Rd6 34. Qe3 Kh8 35. Rh1 e5 36. Rxh6+ gxh6 37. Ne6 Rf4 38. dxe5 Rxe6 39. Qxf4 1-0

[Event "*** Titled Tuesday Blitz"]
[Site "Chess.com"]
[Date "2021.03.30"]
[Round "4"]
[White "Ermito2020"]
[Black "youngKID"]
[Result "0-1"]
[WhiteElo "2513"]
[BlackElo "2745"]
[TimeControl "180+1"]
[EndTime "10:38:38 PDT"]
[Termination "youngKID won by resignation"]

1. e4 c5 2. Nf3 Nc6 3. Bb5 g6 4. O-O Bg7 5. Re1 Nf6 6. c3 O-O 7. d4 d5 8. e5 Ne4 9. Nbd2 cxd4 10. cxd4 Bg4 11. Bxc6 bxc6 12. h3 Bxf3 13. Qxf3 Ng5 14.
Qg3 Ne6 15. Nb3 a5 16. Be3 Qb8 17. Rab1 a4 18. Nd2 c5 19. dxc5 Bxe5 20. Qf3 Rd8 21. Rec1 Kg7 22. Nf1 Ra6 23. Ng3 Bxb2 24. Rc2 a3 25. Qg4 Qe5 26. c6 Rc8 27. Qe2 Raxc6 28. Rcxb2 axb2 29. Bh6+ Kxh6 30. Qxe5 Rc1+ 31. Kh2 Rxb1 32. h4 Rh1+ 33. Nxh1 b1=Q 34. Ng3 Qb4 35. Qe3+ Qf4 36. Qe5 Qxe5 0-1

[Event "*** Titled Tuesday Blitz"]
[Site "Chess.com"]
[Date "2021.03.30"]
[Round "4"]
[White "Susik_Gaboyan"]
[Black "jamalm2"]
[Result "0-1"]
[WhiteElo "2230"]
[BlackElo "1961"]
[TimeControl "180+1"]
[EndTime "10:38:38 PDT"]
[Termination "jamalm2 won on time"]

1. e4 c5 2. Nc3 d6 3. f4 a6 4. a4 Nc6 5. g3 e5 6. Nge2 Nf6 7.
Bg2 Bg4 8. O-O Nd4 9. d3 b5 10.
axb5 axb5 11. Rxa8 Qxa8 12. h3 Bd7 13. fxe5 dxe5 14.
Nd5 Nxd5 15. exd5 Bd6 16. Nxd4 cxd4 17. c4 bxc4 18. dxc4 O-O 19. Bd2 Qb8 20. b3 f5 21.
Qc2 e4 22. b4 Bxg3 23. c5 Bb5 24.
Ra1 e3 25. Be1 Bxe1 26. Rxe1 Qg3 27. Ra1 e2 28. Qd2 f4 29. Qe1 Qe3+ 30. Kh2 f3 31. Bh1 f2 32. Qc1 Qf4+ 0-1

[Event "*** Titled Tuesday Blitz"]
[Site "Chess.com"]
[Date "2021.03.30"]
[Round "4"]
[White "Gudmundur_Kjartansson"]
[Black "malakismayil"]
[Result "1-0"]
[WhiteElo "2547"]
[BlackElo "2323"]
[TimeControl "180+1"]
[EndTime "10:38:39 PDT"]
[Termination "Gudmundur_Kjartansson won on time"]

1. e4 e5 2. Nf3 Nc6 3. d4 exd4 4. Nxd4 Bc5 5. Be3 Qf6 6. c3 Nge7 7. Bc4 O-O 8. O-O b6 9. Nc2 Bxe3 10. Nxe3 Qg6 11.
Nd2 Kh8 12. f4 f5 13. exf5 Nxf5 14. Nxf5 Qxf5 15. Qf3 Bb7 16. Bd3 Qc5+ 17. Kh1 Rae8 18. Qh3 h6 19. Ne4 Qd5 20. Ng5 Rxf4 21. Rxf4 Qxg5 22.
Raf1 Rg8 23. Rg4 Qd2 24. Re4 Nd8 25. Re2 Qg5 26. Qxd7 1-0

[Event "*** Titled Tuesday Blitz"]
[Site "Chess.com"]
[Date "2021.03.30"]
[Round "4"]
[White "Shield12"]
[Black "dcremisi"]
[Result "1-0"]
[WhiteElo "2807"]
[BlackElo "2528"]
[TimeControl "180+1"]
[EndTime "10:38:40 PDT"]
[Termination "Shield12 won on time"]

1. e4 e6 2. d3 d5 3. Nd2 Nf6 4. Ngf3 Bc5 5. e5 Nfd7 6. d4 Bb6 7. c3 c5 8. Bd3 Nc6 9. dxc5 Nxc5 10. Bc2 O-O 11. Nb3 f6 12. exf6 Qxf6 13. Bg5 Qf7 14. O-O Bd7 15. Nxc5 Bxc5 16. Qd3 Qh5 17. h4 Be8 18. Qe2 e5 19. b4 Bb6 20. b5 e4 21.
bxc6 exf3 22. cxb7 fxe2 23. bxa8=Q exf1=Q+ 24. Rxf1 Qf7 25. Bb3 Bxf2+ 26. Kh1 Bb5 27. Bxd5 Rxa8 28. Bxf7+ Kxf7 29. Rxf2+ Kg6 30. Be3 Bd7 31. Rf3 h5 32. Bd4 Bg4 33. Re3 Rf8 34. Bxa7 Rf1+ 35. Kh2 Kh7 36. Re7 Kg8 37.
Bd4 Rf7 38. Re8+ Kh7 39. a4 Bd1 40. a5 Bc2 41. a6 1-0

[Event "*** Titled Tuesday Blitz"]
[Site "Chess.com"]
[Date "2021.03.30"]
[Round "4"]
[White "ukchessbomber"]
[Black "Kildepiotr"]
[Result "0-1"]
[WhiteElo "2491"]
[BlackElo "2686"]
[TimeControl "180+1"]
[EndTime "10:38:40 PDT"]
[Termination "Kildepiotr won by resignation"]

1. d4 c5 2. d5 e5 3. c4 d6 4. e4 Be7 5. Nc3 Bg5 6. Bd3 Bxc1 7.
Qxc1 Ne7 8. Nge2 O-O 9. h4 h6 10. f3 f5 11. Ng3 f4 12. Nge2 Ng6 13. h5 Nh4 14. Kf1 Qg5 15. Rh2 Nxg2 16. Rxg2 Bh3 17.
Ke1 Qxg2 18. Kd2 Qxf3 19. Qg1 Nd7 20. Qh2 Bg4 21. Rg1 Nf6 22. Rg2 Qe3+ 23. Kc2 Bxe2 24.
Rxe2 Qg3 25. Qh1 f3 26. Re1 f2 27. Rf1 Ng4 28. Nd1 Rf4 29. Kd2 Raf8 30. a3 Nh2 31.
Ne3 Nxf1+ 32. Nxf1 Qg5 33. Kc2 Rg4 34. b4 Rg1 35.
Qh3 Qg4 36. Qe3 b6 37. a4 Rf3 38. Qe2 Qh3 39. Nd2 Rxd3 40. Qxd3 Qxd3+ 41. Kxd3 Rd1 0-1

[Event "*** Titled Tuesday Blitz"]
[Site "Chess.com"]
[Date "2021.03.30"]
[Round "4"]
[White "eljanov"]
[Black "Zq1"]
[Result "1/2-1/2"]
[WhiteElo "2857"]
[BlackElo "2552"]
[TimeControl "180+1"]
[EndTime "10:38:42 PDT"]
[Termination "Game drawn by repetition"]

1. d4 d5 2. c4 e6 3. Nf3 Nf6 4. Nc3 Be7 5. Bf4 O-O 6. e3 b6 7. Bd3 c5 8. dxc5 bxc5 9. O-O Bb7 10. cxd5 exd5 11. Qe2 Nbd7 12. Rfd1 Qb6 13. Rac1 h6 14. h3 Rac8 15. Bf5 Rcd8 16. b3 Rfe8 17. Na4 Qa5 18.
Qd2 Qxd2 19. Rxd2 Bc6 20. Nc3 Nb6 21. a4 d4 22. exd4 Bxf3 23. gxf3 Nfd5 24. Nxd5 Nxd5 25. Bg3 Bg5 26. f4 Nxf4 27. Rcd1 Nh5 28. Bc7 Rd5 29. Bg4 Bxd2 30. Rxd2 cxd4 31. Bf3 Rf5 32. Bg4 Rd5 33. Bf3 Rf5 34. Bg4 Rd5 1/2-1/2

[Event "*** Titled Tuesday Blitz"]
[Site "Chess.com"]
[Date "2021.03.30"]
[Round "4"]
[White "NikolaN98"]
[Black "lucachess49"]
[Result "1-0"]
[WhiteElo "2672"]
[BlackElo "2431"]
[TimeControl "180+1"]
[EndTime "10:38:42 PDT"]
[Termination "NikolaN98 won by checkmate"]

1. e4 e5 2. Nf3 Nc6 3. Bc4 Nf6 4. d3 Be7 5. O-O O-O 6. a4 d6 7. a5 d5 8. exd5 Nxd5 9. Re1 Bf6 10. h3 Be6 11. Nbd2 h6 12. Ne4 Be7 13. a6 b6 14. Bb5 Nd4 15. Nxd4 exd4 16. Bc6 Rb8 17. Bd2 b5 18. Qh5 Rb6 19. Bb7 f5 20. Ng3 Bh4 21. Rxe6 Rxe6 22. Nxf5 Bg5 23. Bxg5 hxg5 24. Qxg5 Nf4 25.
Qxg7# 1-0

[Event "*** Titled Tuesday Blitz"]
[Site "Chess.com"]
[Date "2021.03.30"]
[Round "4"]
[White "Raud100"]
[Black "artichaud"]
[Result "1-0"]
[WhiteElo "2386"]
[BlackElo "2102"]
[TimeControl "180+1"]
[EndTime "10:38:43 PDT"]
[Termination "Raud100 won on time"]

1. d4 d5 2. c4 dxc4 3. e4 Nf6 4. Nc3 e5 5. Nf3 exd4 6. Qxd4 Qxd4 7. Nxd4 Bb4 8. f3 c6 9. Bxc4 Nbd7 10. Be3 Ne5 11.
Be2 Nfd7 12. O-O-O Nc5 13. a3 Bxc3 14. bxc3 Be6 15.
Nxe6 Nxe6 16. f4 Nd7 17. Rd6 Nec5 18. Bf3 O-O-O 19. Rhd1 Rhe8 20. Bg4 Kc7 21. e5 b6 22.
Kc2 f6 23. Bxd7 Nxd7 24. e6 Nc5 25. Bxc5 bxc5 26. Rxd8 Rxd8 27. Rxd8 Kxd8 28. f5 h5 29. g3 Ke7 30. h3 1-0

[Event "*** Titled Tuesday Blitz"]
[Site "Chess.com"]
[Date "2021.03.30"]
[Round "4"]
[White "Pantata007"]
[Black "MarkoPe"]
[Result "0-1"]
[WhiteElo "2386"]
[BlackElo "2223"]
[TimeControl "180+1"]
[EndTime "10:38:44 PDT"]
[Termination "MarkoPe won on time"]

1. d4 d5 2. c4 e6 3. Nc3 c6 4. e3 Nf6 5. Nf3 Nbd7 6. Bd3 dxc4 7. Bxc4 b5 8. Bd3 Bd6 9. O-O O-O 10. Bd2 a6 11.
Ne4 Nxe4 12. Bxe4 Bb7 13. Rc1 Rc8 14. b4 Nf6 15. Bb1 Qe7 16. Qb3 Rfd8 17. Rfd1 h6 18. h3 Bb8 19. e4 Qc7 20. e5 Nd5 21. Qd3 f5 22. exf6 Nxf6 23. Ne5 Qe7 24. Bf4 Qxb4 25.
Qg6 Bxe5 26. dxe5 Qxf4 27. exf6 Qxf6 28. Qh7+ Kf7 29. Re1 c5 30. Qc2 Rd6 31. Rcd1 Qg5 0-1

[Event "*** Titled Tuesday Blitz"]
[Site "Chess.com"]
[Date "2021.03.30"]
[Round "4"]
[White "BursaBBSatranc"]
[Black "RaphCamora"]
[Result "1-0"]
[WhiteElo "2614"]
[BlackElo "2410"]
[TimeControl "180+1"]
[EndTime "10:38:45 PDT"]
[Termination "BursaBBSatranc won by checkmate"]

1. d4 d5 2. Nf3 Nf6 3. Bf4 c5 4. e3 e6 5. c3 Nc6 6. Nbd2 Nh5 7. Bg3 Be7 8. Bb5 Nxg3 9. hxg3 O-O 10. Bd3 h6 11.
Rh5 cxd4 12. exd4 Rb8 13. g4 f5 14. gxf5 exf5 15. Qc2 Bf6 16. O-O-O f4 17. Rxd5 Qc7 18.
Kb1 Be6 19. Rh5 Rfd8 20. Bc4 Bxc4 21. Nxc4 b5 22. Nce5 Nxe5 23. dxe5 Be7 24. Rdh1 Bf8 25. Nd4 Qc4 26. Qg6 Rb6 27. e6 Rxd4 28. Qf7+ Kh8 29.
Qxf8+ Kh7 30. Rxh6+ gxh6 31. Qf7+ Kh8 32. Rxh6# 1-0

[Event "*** Titled Tuesday Blitz"]
[Site "Chess.com"]
[Date "2021.03.30"]
[Round "4"]
[White "NateSolon"]
[Black "Zmeeed63"]
[Result "0-1"]
[WhiteElo "2560"]
[BlackElo "2350"]
[TimeControl "180+1"]
[EndTime "10:38:45 PDT"]
[Termination "Zmeeed63 won by resignation"]

1. d4 d5 2. c4 e6 3. Nf3 Nf6 4. g3 dxc4 5. Bg2 Nc6 6. Qa4 Bb4+ 7. Bd2 Nd5 8. a3 Bxd2+ 9. Nbxd2 Nb6 10. Qb5 O-O 11.
Nxc4 Nxd4 12. Nxd4 Qxd4 13. Ne3 c6 14. Qb3 Qa4 15. Qd3 Nd5 16. Nc4 Nb4 17. axb4 Qxa1+ 18. Kd2 Qa4 19. Qc3 Rd8+ 20. Ke3 e5 21. Nxe5 Be6 22.
h4 Bd5 23. Bxd5 Rxd5 24. Nd3 Re8+ 25. Kf3 Rf5+ 26. Kg2 Rxe2 27. Nf4 Re8 28. Qd3 Qb5 29. Qd4 Rfe5 30. h5 h6 31. Rd1 Re1 32. Rd2 Qf1+ 0-1

[Event "*** Titled Tuesday Blitz"]
[Site "Chess.com"]
[Date "2021.03.30"]
[Round "4"]
[White "gui_borba"]
[Black "FeketeBarika"]
[Result "0-1"]
[WhiteElo "2432"]
[BlackElo "2288"]
[TimeControl "180+1"]
[EndTime "10:38:45 PDT"]
[Termination "FeketeBarika won by resignation"]

1. Nf3 d5 2. b3 Nf6 3. e3 Nbd7 4. Bb2 e6 5. d4 Bd6 6. Bd3 O-O 7. O-O c5 8. Nbd2 Re8 9. Ne5 Qc7 10. f4 Nf8 11.
Qf3 b5 12. dxc5 Bxc5 13. Bd4 Bxd4 14. exd4 b4 15. a3 Qb6 16. Qe3 bxa3 17. Rxa3 a5 18. Rfa1 Bd7 19. g4 Rec8 20. g5 Ne8 21. Qh3 Bb5 22.
Bxb5 Qxd4+ 23. Kh1 Qxd2 24. Bxe8 Rxe8 25. Qg2 Qxf4 26. Nd3 Qd4 27. h3 e5 28. Ra4 Qc3 29. Qxd5 e4 30. Qc5 Qd2 31. Ne5 Qxg5 32. Qd5 Ne6 33.
Rxe4 f6 34. Rg1 Qf5 35. Rxg7+ Kh8 36. Qb7 fxe5 37. Rh4 Nxg7 0-1

[Event "*** Titled Tuesday Blitz"]
[Site "Chess.com"]
[Date "2021.03.30"]
[Round "4"]
[White "Cryptochess"]
[Black "kakorrhaphiophobie"]
[Result "1-0"]
[WhiteElo "2589"]
[BlackElo "2340"]
[TimeControl "180+1"]
[EndTime "10:38:46 PDT"]
[Termination "Cryptochess won by resignation"]

1. e4 e6 2. d4 d5 3. Nc3 Bb4 4.
e5 c5 5. a3 Bxc3+ 6. bxc3 Ne7 7. Qg4 Qc7 8. Qxg7 Rg8 9. Qxh7 cxd4 10. Ne2 Nbc6 11. f4 dxc3 12. Qd3 d4 13. Ng3 Bd7 14. Be2 O-O-O 15. Bf3 Nf5 16. Nxf5 exf5 17. O-O Be6 18. Rb1 b6 19. a4 Bd5 20. Qxf5+ Kb7 21.
Ba3 Bxf3 22. Rxf3 Na5 23. Bd6 Qc4 24. Qe4+ Nc6 25. a5 b5 26. Rd3 Rge8 27. Qf3 Ka6 28. h4 f6 29. Rbd1 fxe5 30. fxe5 Nxe5 31. Bxe5 Rxe5 32.
Qf6+ Qe6 33. Qxd8 Re1+ 34. Rxe1 Qxe1+ 35. Kh2 Qxh4+ 36. Qxh4 1-0

[Event "*** Titled Tuesday Blitz"]
[Site "Chess.com"]
[Date "2021.03.30"]
[Round "4"]
[White "CzechmVIII"]
[Black "kikydu96"]
[Result "1-0"]
[WhiteElo "2216"]
[BlackElo "2470"]
[TimeControl "180+1"]
[EndTime "10:38:46 PDT"]
[Termination "CzechmVIII won on time"]

1. e4 c5 2. Nf3 d6 3. d4 cxd4 4. Nxd4 Nf6 5. Nc3 Nc6 6. Bc4 e5 7. Nf5 Nxe4 8. Qd5 Qf6 9. Nxe4 Qxf5 10. Ng3 Qg6 11. O-O Be6 12. Qb5 Bxc4 13. Qxc4 Be7 14.
c3 O-O 15. f4 Qg4 16. Qd5 Qe6 17. Qb5 Qd7 18. f5 f6 19. Be3 d5 20. Rad1 Rfd8 21.
Qe2 Rac8 22. Kh1 Na5 23. Qh5 Nc4 24. Bc1 Qc6 25. Qg4 Nd6 26. Nh5 1-0